[Event "Team 45 45 League T72"]
[Site "Internet Chess Club"]
[Date "2017.05.06"]
[Round "8"]
[White "Kingofknights"]
[Black "jmdana"]
[Result "0-1"]
[WhiteElo "1490"]
[BlackElo "1573"]
[Opening "QGD Slav: 4.Nc3"]
[ECO "D15"]
[Time "08:59:46"]
[TimeControl "2700+45"]

1. d4 d5 2. c4 c6 3. Nf3 Nf6 4. Nc3 Bf5 5. cxd5 cxd5 6. Qb3 Qb6 7. Nxd5 Nxd5 8.
Qxd5 e6 9. Qb3 Nc6 10. Qxb6 axb6 11. a3 Nb4 12. Kd2 Nc2 13. Ra2 Bb4+ 14. Kd1 O-O
15. e3 Rfc8 16. Ne5 Bd6 17. Bd3 Nb4 18. Bc4 Nxa2 19. Bxa2 Bxe5 20. dxe5 Rc2 21.
g4 Rd8+ {White resigns} 0-1

[Event "Team 45 45 League T72"]
[Site "Internet Chess Club"]
[Date "2017.05.07"]
[Round "8"]
[White "smsxman"]
[Black "rkjulianjr"]
[Result "0-1"]
[WhiteElo "1287"]
[BlackElo "1329"]
[Opening "Four knights: Italian variation"]
[ECO "C47"]
[Time "10:03:29"]
[TimeControl "2700+45"]

1. e4 e5 2. Nc3 Nf6 3. Nf3 Nc6 4. Bc4 Nxe4 5. Bxf7+ Kxf7 6. Nxe4 d5 7. Neg5+ Kg8
8. d3 h6 9. Nh3 Bxh3 10. gxh3 Qd7 11. Ng1 Rd8 12. Qg4 Nd4 13. Qd1 Nc6 14. Bd2
Bb4 15. c3 Bc5 16. Qe2 Rf8 17. Be3 d4 18. Bd2 dxc3 19. Bxc3 Bxf2+ 20. Kd1 Bd4
21. Nf3 Kh7 22. Qe4+ Qf5 23. Qxf5+ Rxf5 24. Nxd4 Nxd4 25. Kd2 Rhf8 26. Bxd4 exd4
27. Rae1 Rf2+ 28. Re2 Rxe2+ 29. Kxe2 Re8+ 30. Kd2 Re3 31. h4 Rh3 32. Kc2 Rxh4
33. Kb3 Kg8 34. Kc4 Kf7 35. Rf1+ Ke6 36. Rf2 Kd6 37. b4 a6 38. a4 b6 39. Rf7
Rxh2 40. Rxg7 c5 41. Rg6+ Ke5 42. Rxb6 Rc2+ 43. Kb3 Rc3+ 44. Kb2 cxb4 45. Rxh6
Rxd3 46. Rxa6 Kd5 47. Ra8 Kc5 48. Rc8+ Kb6 49. Rb8+ Kc5 50. a5 Ra3 51. Ra8 Kb5
52. Kc2 Rxa5 53. Rb8+ Ka4 54. Kd3 b3 55. Kxd4 Ka3 56. Kc4 b2 57. Kc3 Rc5+ 58.
Kd2 Ka2 59. Ra8+ Kb1 60. Rb8 Rd5+ 61. Kc3 Rc5+ 62. Kd2 Rc4 63. Rb7 Ka2 64. Kd3
Rc5 65. Ra7+ Kb3 66. Rb7+ Ka3 67. Kd2 Rc1 68. Ra7+ Kb3 69. Rb7+ Ka2 70. Ra7+ Kb1
71. Ra6 Rc2+ 72. Kd1 Rc5 73. Ra4 Rd5+ 74. Ke2 Kc2 75. Rc4+ Kb3 76. Rc8 Rb5 77.
Rh8 b1=Q 78. Rh3+ Ka2 {White resigns} 0-1

[Event "Team 45 45 League T72"]
[Site "Internet Chess Club"]
[Date "2017.05.08"]
[Round "8"]
[White "kwen2008"]
[Black "QuieroAprender"]
[Result "0-1"]
[WhiteElo "1549"]
[BlackElo "1599"]
[Opening "Ruy Lopez: modern Steinitz defense"]
[ECO "C71"]
[Time "12:30:50"]
[TimeControl "2700+45"]

1. e4 e5 2. Nf3 Nc6 3. Bb5 a6 4. Ba4 d6 5. h3 b5 6. Bb3 h6 7. O-O Nf6 8. d4 exd4
9. Bd5 Nxd5 10. exd5 Ne5 11. Re1 Be7 12. Nxe5 dxe5 13. Rxe5 O-O 14. Re1 Bf6 15.
Bf4 Qxd5 16. Bxc7 Bb7 17. Qg4 h5 18. Qg3 Bh4 19. Qh2 Rac8 20. c3 Rxc7 21. Re5
Re7 22. Rxe7 Bxe7 23. cxd4 Bd6 24. Qh1 Qxd4 25. Nc3 b4 26. Rd1 Qf6 27. Nd5 Qxb2
28. Nb6 Bc5 {White resigns} 0-1

[Event "Team 45 45 League T72"]
[Site "Internet Chess Club"]
[Date "2017.05.08"]
[Round "8"]
[White "pcvan"]
[Black "tuotuo123"]
[Result "1-0"]
[WhiteElo "1415"]
[BlackElo "1527"]
[Opening "Sicilian: closed"]
[ECO "B23"]
[Time "22:00:22"]
[TimeControl "2700+45"]

1. e4 c5 2. Nc3 d6 3. f4 Nc6 4. Nf3 e5 5. Bb5 exf4 6. d4 Bd7 7. Bxf4 cxd4 8.
Nxd4 Nxd4 9. Qxd4 Bxb5 10. Nxb5 Qa5+ 11. Nc3 O-O-O 12. O-O-O Nf6 13. Kb1 Be7 14.
Qc4+ Qc7 15. Qxf7 g6 16. Nb5 Qd7 17. Qc4+ Kb8 18. Rd3 a6 19. Nxd6 Bxd6 20. Rxd6
Qxd6 21. Bxd6+ Rxd6 22. e5 Rc6 23. Qd4 Ne8 24. Rf1 Nc7 25. e6 Re8 26. e7 Ne6 27.
Qd7 Nc7 28. Rf8 Re6 29. Rxe8+ Ka7 30. Qxe6 Nxe6 31. Ra8+ {Black resigns} 1-0

[Event "Team 45 45 League T72"]
[Site "Internet Chess Club"]
[Date "2017.05.07"]
[Round "8"]
[White "sdk"]
[Black "drsigmund1"]
[Result "1-0"]
[WhiteElo "1726"]
[BlackElo "1391"]
[Opening "English opening"]
[ECO "A10"]
[Time "19:00:12"]
[TimeControl "2700+45"]

1. c4 b6 2. Nc3 Bb7 3. e4 e6 4. Nf3 c5 5. Be2 Nc6 6. d4 cxd4 7. Nxd4 Bb4 8. O-O
Bxc3 9. bxc3 Nf6 10. f3 O-O 11. Ba3 Re8 12. Nb5 Qc7 {Black resigns} 1-0